 Dungeon Crawl Stone Soup version 0.21.1-1-g345015f (webtiles) character file.

34 chorionicmirror the Magician (level 3, 0/24 HPs)
             Began as a Demonspawn Wizard on June 9, 2018.
             Was an Initiate of Okawaru.
             Killed from afar by a white imp (10 damage)
             ... with a puff of frost
             ... summoned by Natasha
             ... on level 2 of the Dungeon.
             The game lasted 00:13:22 (1067 turns).

chorionicmirror the Magician (Demonspawn Wizard)    Turns: 1067, Time: 00:13:23

Health: 0/24       AC:  2    Str:  7    XL:     3   Next: 14%
Magic:  0/8        EV: 12    Int: 20    God:    Okawaru [......]
Gold:   82         SH:  0    Dex: 11    Spells: 8/9 levels left

rFire    . . .     SeeInvis .   h - +1 whip (drain)
rCold    . . .     Gourm    .   (no shield)
rNeg     . . .     Faith    .   f - +0 robe
rPois    .         Spirit   +   b - +0 hat
rElec    .         Reflect  .   (no cloak)
rCorr    .         Harm     .   (no gloves)
MR       .....                  (no boots)
Stlth    ++........             n - amulet of guardian spirit
HPRegen  0.08/turn              (no ring)
MPRegen  0.11/turn              (no ring)

@: no status effects
A: antennae 2
a: Renounce Religion


You were on level 2 of the Dungeon.
You worshipped Okawaru.
Okawaru was noncommittal.
You were not hungry.

You visited 1 branch of the dungeon, and saw 2 of its levels.

You collected 82 gold pieces.

Inventory:

Hand Weapons
 h - a +1 whip of draining (weapon)
Missiles
 e - 17 arrows
 l - 25 poisoned needles (quivered)
Armour
 b - a +0 hat (worn)
 f - a +0 robe (worn)
Jewellery
 n - an amulet of guardian spirit (around neck)
Scrolls
 g - a scroll of teleportation
 i - a scroll of identify {unknown}
 k - a scroll of remove curse {unknown}
 p - a scroll of fear {unknown}
 q - a scroll of magic mapping {unknown}
Potions
 a - a potion of magic {unknown}
 j - a potion of berserk rage {unknown}
 m - a potion of brilliance {unknown}
 r - a potion of haste {unknown}
Books
 c - a book of Minor Magic

   Spells                             Type                      Level
   a - Magic Dart                     Conjuration                  1
   b - Blink                          Translocation                2
   c - Call Imp                       Summoning                    2
   d - Slow                           Hexes                        2
   e - Conjure Flame                  Conjuration/Fire             3
   f - Mephitic Cloud                 Conjuration/Poison/Air       3
Comestibles
 d - 4 rations
 o - 3 chunks of flesh


   Skills:
 * Level 0.1 Fighting
 * Level 0.2 Maces & Flails
 * Level 0.1 Throwing
 * Level 0.4 Armour
 * Level 1.8 Dodging
 - Level 1.8 Stealth
 * Level 0.2 Unarmed Combat
 * Level 3.6 Spellcasting
 * Level 1.4 Conjurations
   Level 1.0 Summonings
   Level 0.8 Translocations


You had 8 spell levels left.
You knew the following spells:

 Your Spells              Type           Power        Failure   Level  Hunger
a - Magic Dart            Conj           #...         8%          1    None


Dungeon Overview and Level Annotations

Branches:
Dungeon (2/15)

Altars:
Okawaru

Annotations:
D:2 Natasha


Innate Abilities, Weirdness & Mutations

You have a pair of antennae on your head.


Message History

Casting: Magic Dart
Confirm with . or Enter, or press ? or * to list all spells.
Aiming: Magic Dart
Press: ? - help, Shift-Dir - straight line, f/p - Natasha
Aim: Natasha (lightly wounded)
The magic dart hits Natasha.
Natasha is lightly wounded.
Natasha claws you. The crimson imp puffs mist at you. Natasha misses you.
You barely miss Natasha.
Natasha is lightly wounded.
You feel yourself speed up.
Natasha casts a spell.
Natasha misses you.
Natasha stares at you and mumbles some strange words.
You resist with significant effort. The white imp gestures at you.
The puff of frost hits you!
You die...

#.# #.###...# ##.###.# #.#
#<.........# .... #.#
#.##....... ...... #.#
#.##...... ........ #.#
#.##....# .#.####. #.#
####.##....# #. #. #.#
#.##.##5...# #.#. ..
#.###.##.##h####..###.#.#####
#....รท...)5.@................
#####.##.#.####.............#
#.##.....................
#.####.####.#.#..##<..... #..
.... ............ #.# #.###
....##.###.# #.# #.#
.....###.# #.# #.# #.
.........# #.# ##..###.###.#


You could see Natasha, a crimson imp and a white imp.

Vanquished Creatures
  An adder (D:2)
  A dart slug (D:1)
  2 leopard geckos
  4 goblins
  4 hobgoblins
  2 bats (D:1)
  2 frilled lizards (D:1)
  2 kobolds (D:1)
  4 rats
22 creatures vanquished.

Notes
Turn   | Place    | Note
-------+----------+-------------------------------------------
     0 | D:1      | chorionicmirror the Demonspawn Wizard began the quest for the Orb.
     0 | D:1      | Reached XP level 1. HP: 13/13 MP: 4/4
   272 | D:1      | Gained mutation: You have a pair of small antennae on your head. [demonic ancestry]
   272 | D:1      | Reached XP level 2. HP: 7/19 MP: 1/6
   716 | D:2      | Found an iron altar of Okawaru.
   722 | D:2      | Became a worshipper of Warmaster Okawaru
  1040 | D:2      | Gained mutation: You have a pair of antennae on your head. [demonic ancestry]
  1040 | D:2      | Reached XP level 3. HP: 24/24 MP: 2/8
  1057 | D:2      | Noticed Natasha
  1067 | D:2      | Killed from afar by a white imp

Action                   || total
-------------------------++-------
Melee: Whip              ||    19
 Cast: Magic Dart        ||    46
  Use: Scroll            ||     1
Dodge: Dodged            ||    15
